 Dungeon Sprint DCSS version 0.27.1-1-g398f81649c (webtiles) character file.

Game seed: 2542019157535599496

436 ugugthedestroyer the Fighter (level 7, -2/91 HPs)
             Began as an Ogre Fighter on Sept 7, 2021.
             Was a Priest of Yredelemnul.
             Slain by a fire bat (9 damage)
             ... in the Dungeon (Sprint VII: "The Pits").
             The game lasted 00:04:28 (514 turns).

ugugthedestroyer the Fighter (Ogre Fighter)          Turns: 514, Time: 00:04:29

Health: -2/91      AC:  3    Str: 23    XL:     7   Next: 1%
Magic:  7/7        EV: 11    Int:  9    God:    Yredelemnul [***...]
Gold:   0          SH:  0    Dex:  8    Spells: 6/6 levels left

rFire    . . .     SeeInvis .   k - +2 hand axe
rCold    . . .     Faith    .   (no shield)
rNeg     . . .     Spirit   .   b - +0 robe
rPois    .         Reflect  .   (helmet restricted)
rElec    .         Harm     .   (no cloak)
rCorr    .         Rampage  .   (gloves unavailable)
Will     .....     NoTele   +   (boots unavailable)
Stlth    +.........             (no amulet)
HPRegen  0.25/turn              (no ring)
MPRegen  0.10/turn              (no ring)

@: no status effects
A: large, unfitting armour, tough skin 1
a: Renounce Religion, Recall Undead Slaves, Injury Mirror, Animate Dead


You were in the Dungeon.
You worshipped Yredelemnul.
Yredelemnul was most pleased with you.
You visited 1 branch

Inventory:

Hand Weapons
 a - a +0 war axe
 k - a +2 hand axe (weapon)
Armour
 b - a +0 robe (worn)
Scrolls
 j - a scroll of blinking
 m - 5 scrolls of amnesia
 n - a scroll of summoning
Potions
 d - a potion of might
 e - 6 potions of curing
 g - a potion of haste
 h - 4 potions of magic
 i - 3 potions of berserk rage
 l - 2 potions of invisibility


   Skills:
 + Level 12.0 Fighting
 + Level 8.4 Axes
 + Level 7.7 Dodging
 - Level 0.8 Stealth
 - Level 2.6 Shields


You had 6 spell levels left.
You didn't know any spells.
Your spell library was empty.

Dungeon Overview and Level Annotations

Branches:
Dungeon (1/1)

Altars:
Ashenzari
Cheibriados
Dithmenos
Elyvilon
Fedhas
Gozag
Hepliaklqana
Kikubaaqudgha
Makhleb
Nemelex Xobeh
Okawaru
Qazlal
Ru
Sif Muna
Trog
Uskayaw
Vehumet
Wu Jian
Xom
Yredelemnul
Zin
The Shining One
Beogh
Jiyva
Lugonu


Innate Abilities, Weirdness & Mutations

You are too large for most types of armour.
You have tough skin. (AC +1)


Message History

You feel much better. The fire bat bites you.
You are engulfed in flames!
The fire bat bites you.
You are engulfed in flames.
You hit the fire bat.
The fire bat is heavily wounded.
The fire bat bites you.
You are engulfed in flames!
The fire bat closely misses you.
You slash the fire bat!
The fire bat is almost dead.
The fire bat closely misses you. The fire bat bites you.
You are engulfed in flames!
* * * LOW HITPOINT WARNING * * *
The fire bat barely misses you.
You feel much better. The fire bat bites you.
You are engulfed in flames.
* * * LOW HITPOINT WARNING * * *
You barely miss the fire bat.
The fire bat is almost dead.
The fire bat completely misses you.
You feel much better. The fire bat barely misses you. The fire bat bites you.
You are engulfed in flames!
There is an open door here.
The fire bat bites you.
You are engulfed in flames.
You hit the fire bat.
The fire bat is almost dead.
The fire bat completely misses you.
The fire bat bites you but does no damage.
The fire bat closely misses you.
You miss the fire bat.
The fire bat is almost dead.
The fire bat bites you.
You are engulfed in flames!
* * * LOW HITPOINT WARNING * * *
The fire bat barely misses you. The fire bat bites you.
* * * LOW HITPOINT WARNING * * *
You are engulfed in flames!
* * * LOW HITPOINT WARNING * * *
The fire bat bites you.
* * * LOW HITPOINT WARNING * * *
You are engulfed in flames!
You die...
Your body rises from the dead as a mindless zombie.

#.#...).#))#####'##
#.###'###))##......
#.#.†...#))##......
#)#..).†#[[##......
#.####'##'###...<..
#.#......).##......
#.#........##......
#'###########......
#.@b....# #######
#..###..# #.......#
##.###.## ... ..##
#... ####


You could see a fire bat.

Vanquished Creatures
  A floating eye (D)
  A centaur (D)
  2 bullfrogs (D)
  A scorpion (D)
  A hound (D)
  An iron imp (D)
  2 orcs (D)
  An endoplasm (D)
  A giant cockroach (D)
  A goblin (D)
  2 frilled lizards (D)
14 creatures vanquished.

Vanquished Creatures (others)
  A centaur zombie (D)
  A bullfrog zombie (D)
2 creatures vanquished.

Grand Total: 16 creatures vanquished

Notes
Turn   | Place    | Note
-------+----------+-------------------------------------------
     0 | D        | ugugthedestroyer the Ogre Fighter began the quest for the
                  | Orb.
     0 | D        | Reached XP level 1. HP: 24/24 MP: 1/1
    26 | D        | Found a bloodstained altar of Trog.
    26 | D        | Found a shimmering blue altar of Sif Muna.
    26 | D        | Found a viscous altar of Jiyva.
    26 | D        | Found a hazy altar of Hepliaklqana.
    26 | D        | Found an opulent altar of Gozag.
    49 | D        | Found a glowing golden altar of the Shining One.
    49 | D        | Found a glowing silver altar of Zin.
    49 | D        | Found a basalt altar of Yredelemnul.
    49 | D        | Found a shimmering altar of Xom.
    49 | D        | Found an ornate altar of the Wu Jian Council.
    49 | D        | Found a sacrificial altar of Ru.
    49 | D        | Found a stormy altar of Qazlal.
    49 | D        | Found an iron altar of Okawaru.
    49 | D        | Found a sparkling altar of Nemelex Xobeh.
    49 | D        | Found a burning altar of Makhleb.
    49 | D        | Found a blossoming altar of Fedhas.
    49 | D        | Found a white marble altar of Elyvilon.
    49 | D        | Found a shadowy altar of Dithmenos.
    49 | D        | Found a snail-covered altar of Cheibriados.
    52 | D        | Found a corrupted altar of Lugonu.
    52 | D        | Found a radiant altar of Vehumet.
    53 | D        | Found an ancient bone altar of Kikubaaqudgha.
    53 | D        | Found a hide-covered altar of Uskayaw.
    53 | D        | Found a broken altar of Ashenzari.
    70 | D        | Became a worshipper of Yredelemnul the Dark
   232 | D        | Noticed a floating eye
   236 | D        | Killed a floating eye
   236 | D        | Reached * piety under Yredelemnul
   237 | D        | Reached skill level 8 in Fighting
   237 | D        | Reached skill level 5 in Dodging
   237 | D        | Reached XP level 2. HP: 42/42 MP: 2/2
   237 | D        | Reached XP level 3. HP: 49/49 MP: 3/3
   237 | D        | Reached XP level 4. HP: 58/58 MP: 4/4
   240 | D        | Noticed a scorpion
   249 | D        | Killed a scorpion
   249 | D        | Reached ** piety under Yredelemnul
   250 | D        | Reached skill level 9 in Fighting
   250 | D        | Reached skill level 5 in Axes
   250 | D        | Reached XP level 5. HP: 42/67 MP: 5/5
   444 | D        | Noticed a centaur
   456 | D        | Reached skill level 10 in Fighting
   461 | D        | Reached XP level 6. HP: 43/79 MP: 6/6
   466 | D        | Reached *** piety under Yredelemnul
   467 | D        | Reached skill level 11 in Fighting
   484 | D        | Reached skill level 12 in Fighting
   484 | D        | Reached XP level 7. HP: 26/91 MP: 7/7
   489 | D        | Noticed a fire bat
   514 | D        | Slain by a fire bat

Illustrated notes

Levels and vault maps discovered:
D:        pitsprint [storerooms_1, entrance_room_1, metal_vault_5, armoury_1,
          mini_pit_1, grid_room_1, main_hall_1, silver_pit, the_coven_1,
          the_vestibule_1, steel_vault_1, golden_pit, hallway_of_sentries,
          crystal_vault_1, iron_vault_2, final_vault]

Skill      XL: |  1  2  3  4  5  6 |
---------------+-------------------+-----
Dodging        | 5 6 7 |  7.7
Fighting       | 8 9 10 12 | 12.0
Axes           | 4 5 7 8 |  8.4
Stealth        | |  0.8
Shields        | |  2.6

Action                   |  1- 3 |  4- 6 |  7- 9 || total
-------------------------+-------+-------+-------++-------
Melee: Hand axe          |     8 |    39 |     6 ||    53
       War axe           |     7 |       |       ||     7
Invok: Animate Dead      |       |       |     1 ||     1
  Use: Potion            |       |     2 |     4 ||     6
 Stab: Sleeping          |     1 |       |       ||     1
Armor: Robe              |     6 |     9 |     3 ||    18
Dodge: Dodged            |     7 |    23 |    10 ||    40
Block: Kite shield       |     4 |       |       ||     4
